 Dungeon Crawl Stone Soup version 0.28-a0-1447-ga5a8893891 (webtiles) character file.

Game seed: 14280222812843648808

158 siradein the Magician (level 5, 0/38 HPs)
             Began as a Djinni Earth Elementalist on Jan 11, 2022.
             Slain by an orc (6 damage)
             ... on level 4 of the Dungeon.
             The game lasted 00:07:53 (3172 turns).

siradein the Magician (Djinni Earth Elementalist)   Turns: 3172, Time: 00:07:54

Health: 0/38       AC:  5    Str:  7    XL:     5   Next: 67%
Gold:   82         EV: 10    Int: 19    God:
                   SH:  0    Dex: 13

rFire   + + .      SeeInvis .   f - +0 long sword
rCold   x . .      Faith    .   r - orb {light}
rNeg    . . .      Spirit   .   e - +0 ring mail
rPois   ∞          Reflect  .   (no helmet)
rElec   .          Harm     .   (no cloak)
rCorr   .          Rampage  .   (no gloves)
Will    .....                   (boots unavailable)
Stlth   +.........              (no amulet)
HPRegen 0.12/turn               d - +4 ring of slaying
MPRegen 0.00/turn               (no ring)

@: flying, glowing
A: sickness immunity, fire resistance 2, cold vulnerability 1, float, innate
caster, hp casting, extra vitality 1
a: no special abilities


You were on level 4 of the Dungeon.
You visited 1 branch of the dungeon, and saw 4 of its levels.

You collected 82 gold pieces.

Inventory:

Hand Weapons
 f - a +0 long sword (weapon)
 n - a +4 whip
Missiles
 c - 175 stones
Armour
 e - a +0 ring mail (worn)
 r - an orb of light (worn)
Magical Staves
 m - a staff of poison
Jewellery
 d - a +4 ring of slaying (left hand)
Scrolls
 a - 2 scrolls of teleportation {unknown}
 b - a scroll of immolation {unknown}
 g - a scroll of vulnerability {unknown}
 i - a scroll of magic mapping {unknown}
 k - a scroll of enchant weapon {unknown}
 l - a scroll of identify {unknown}
 o - 2 scrolls of amnesia {unknown}
Potions
 h - a potion of brilliance {unknown}
 j - 2 potions of magic {unknown}
 p - a potion of heal wounds {unknown}
 q - a potion of haste {unknown}


   Skills:
 + Level 2.2 Fighting
 + Level 3.5 Dodging
 - Level 1.5 Stealth
 * Level 3.6 Spellcasting


You couldn't memorise any spells.
You knew the following spells:

 Your Spells              Type           Power      Damage    Failure   Level
a - Sandblast             Erth           34%        2d9       12%         1
b - Passwall              Tmut/Erth      14%        N/A       17%         2
c - Stone Arrow           Conj/Erth      34%        3d9       34%         3
d - Petrify               Tmut/Erth      17%        N/A       75%         4
e - Beastly Appendage     Tmut           34%        N/A       12%         1
f - Scorch                Fire           34%        2d6       17%         2
Your spell library was empty.

Dungeon Overview and Level Annotations

Branches:
Dungeon (4/15)
 Temple: D:4-7

Altars:

Shops:
D:4 **


Innate Abilities, Weirdness & Mutations

You are immune to sickness and miasma.
You are immune to poison.
Your flesh is very heat resistant. (rF++)
You are vulnerable to cold. (rC-)
You float through the air rather than walking.
You learn spells naturally, not from books.
Your magical power is your life essence.
You have superior vitality. (+4 MHP)


Message History

The scorpion stings you.
You hit the scorpion but do no damage.
The scorpion is heavily wounded.
The scorpion closely misses you.
You barely miss the scorpion.
The scorpion is heavily wounded.
The scorpion stings you.
The scorpion stings you but does no damage.
You hit the scorpion.
The scorpion is severely wounded.
The scorpion barely misses you. x2
You hit the scorpion but do no damage.
The scorpion is severely wounded.
The scorpion stings you!
You hit the scorpion.
The scorpion is almost dead.
The scorpion stings you. x2
You are too injured to fight recklessly!
You are too injured to fight recklessly!
You hit the scorpion but do no damage.
The scorpion is almost dead.
The scorpion stings you.
* * * LOW HITPOINT WARNING * * *
The scorpion closely misses you.
You hit the scorpion.
You kill the scorpion!
Your Fighting skill increases to level 2!
The endoplasm freezes you.
You are frozen!
You feel a terrible chill!
* * * LOW HITPOINT WARNING * * *
The endoplasm barely misses you.
You see here a +0 club.
The endoplasm misses you.
The endoplasm jiggles.
There is a stone staircase leading down here.
An orc comes into view. It is wielding a +0 falchion.
The orc moves out of view.
A kobold comes into view. It is wielding a +0 whip.
The orc hits you with a +0 falchion.
You die...

#......# #......# #......#
#......#### ####
##.........######.....
######.................####
#............######.#.....#
#.............(.....#####.###
#...........@.J.........>....
#.........#..o...########.###
#.........#......# #....
####................# #####
#..........K........# #.....
##.##................#
...####
#...#................#
###...................
...###.###.#..


You could see an orc and an endoplasm.

Vanquished Creatures
  A scorpion (D:4)
  3 adders (D:2)
  2 worms
  2 dart slugs (D:2)
  An orc (D:3)
  2 ball pythons
  6 endoplasms
  4 giant cockroaches
  6 goblins
  6 hobgoblins
  2 quokkas
  7 bats
  5 frilled lizards
  10 kobolds
  3 rats
60 creatures vanquished.

Notes
Turn   | Place    | Note
-------+----------+-------------------------------------------
     0 | D:1      | siradein the Djinni Earth Elementalist began the quest for
                  | the Orb.
     0 | D:1      | Reached XP level 1. HP: 15/15 MP: 0/0
   255 | D:1      | Reached XP level 2. HP: 22/22 MP: 0/0
   632 | D:1      | Reached XP level 3. HP: 26/26 MP: 0/0
   632 | D:1      | Learned a level 1 spell: Beastly Appendage
   728 | D:1      | Reached skill level 1 in Fighting
  1132 | D:2      | Reached XP level 4. HP: 19/32 MP: 0/0
  2703 | D:3      | Reached XP level 5. HP: 38/38 MP: 0/0
  2703 | D:3      | Learned a level 2 spell: Scorch
  3020 | D:4      | Found Ykeel's Assorted Antiques.
  3025 | D:4      | Found Founaw's General Store.
  3172 | D:4      | Slain by an orc

Illustrated notes

Levels and vault maps discovered:
D:1:      dpeg_arrival_central, layout_basic, minmay_misc_feat_rugged
D:2:      layout_loops_ring
D:3:      layout_loops_corners
D:4:      layout_rooms, serial_shops, shop, shop, nicolae_shop_hallway_stairs

Skill      XL: |  1  2  3  4  5 |
---------------+----------------+-----
Fighting       | 1 2 |  2.2
Spellcasting   | 3 |  3.6
Dodging        | 3 |  3.5
Stealth        | |  1.5

Action                   |  1- 3 |  4- 6 || total
-------------------------+-------+-------++-------
Melee: Mace              |    16 |       ||    16
       Rapier            |    43 |    54 ||    97
       Whip              |       |    11 ||    11
       Long sword        |       |    21 ||    21
       Punch             |       |     1 ||     1
 Cast: Sandblast         |     4 |       ||     4
 Stab: Sleeping          |     1 |     2 ||     3
Armor: Robe              |     4 |       ||     4
       Ring mail         |    22 |    51 ||    73
Dodge: Dodged            |    41 |    60 ||   101

Table legend: (Time is in decaauts)
 A = Elapsed time spent in this place.
 B = Non-inter-level travel time spent in this place.
 C = Inter-level travel time spent in this place.
 D = Time resting spent in this place.
 E = Time spent auto-exploring this place.
 F = Levels seen in this place.
 G = Mean time per level.
                   A        B        C        D        E       F      G
               +--------+--------+--------+--------+--------+-----+--------+
         Total |   3204 |   3147 |     57 |      3 |   2543 |   4 |  801.0 |
       Dungeon |   3204 |   3147 |     57 |      3 |   2543 |   4 |  801.0 |
               +--------+--------+--------+--------+--------+-----+--------+

Top non-repeatable levels by time:
     D:3: 1131 daAuts
     D:2: 974 daAuts
     D:1: 941 daAuts
     D:4: 157 daAuts
